 Dungeon Crawl Stone Soup version 0.29.1-1-gd02db6906a (webtiles) character file.

Game seed: 10575692674337199880

113 lonewolfV2 the Shield-Bearer (level 4, -2/41 HPs)
             Began as a Gnoll Fighter on Oct 16, 2022.
             Slain by Grinder (6 damage)
             ... on level 4 of the Dungeon.
             The game lasted 00:04:18 (2738 turns).

lonewolfV2 the Shield-Bearer (Gnoll Fighter)        Turns: 2738, Time: 00:04:18

Health: -2/41      AC:  7    Str: 17    XL:     4   Next: 96%
Magic:  6/6        EV:  9    Int: 20    God:
Gold:   98         SH:  7    Dex: 18    Spells: 5/5 levels left

rFire   . . .      SeeInvis .   a - +0 war axe
rCold   . . .      Faith    .   c - +1 buckler
rNeg    + . .      Spirit   .   b - +0 scale mail
rPois   .          Reflect  .   (no helmet)
rElec   .          Harm     .   (no cloak)
rCorr   .          Rampage  .   (no gloves)
Will    .....                   (no boots)
Stlth   ..........              (no amulet)
HPRegen 0.13/turn               i - +6 ring of intelligence
MPRegen 0.10/turn               l - ring of Ferch {rN+ Int+6 Dex+7 Stlth-}

@: no status effects
A: fangs 1, strong nose, distributed training
a: no special abilities


You were on level 4 of the Dungeon.
You visited 1 branch of the dungeon, and saw 4 of its levels.

You collected 98 gold pieces.

Inventory:

Hand Weapons
 a - a +0 war axe (weapon)
Armour
 b - a +0 scale mail (worn)
 c - a +1 buckler (worn)
Jewellery
 h - a ring of see invisible
 i - a +6 ring of intelligence (left hand)
 l - the ring of Ferch (right hand) {rN+ Int+6 Dex+7 Stlth-}
   (You found it on level 3 of the Dungeon)

   [ring of intelligence]

   Int:       It affects your intelligence (+6).
   Dex:       It affects your dexterity (+7).
   rN:        It protects you from negative energy.
   Stlth:     It makes you less stealthy.
Scrolls
 k - a scroll of enchant armour
 m - a scroll of poison {unknown}
 n - a scroll of fog {unknown}
Potions
 d - a potion of might
 e - a potion of haste {unknown}
 g - 2 potions of curing
 j - a potion of attraction {unknown}


   Skills:
 + Level 6.6 Fighting
 + Level 1.3 Short Blades
 + Level 1.3 Long Blades
 + Level 4.7 Axes
 + Level 1.3 Maces & Flails
 + Level 1.3 Polearms
 + Level 1.3 Staves
 + Level 1.3 Ranged Weapons
 + Level 1.3 Throwing
 + Level 6.6 Armour
 + Level 1.3 Dodging
 + Level 1.3 Stealth
 + Level 6.6 Shields
 + Level 1.3 Unarmed Combat
 + Level 1.3 Spellcasting
 + Level 1.1 Conjurations
 + Level 1.1 Hexes
 + Level 1.1 Summonings
 + Level 1.1 Necromancy
 + Level 1.1 Translocations
 + Level 1.1 Transmutations
 + Level 1.1 Fire Magic
 + Level 1.1 Ice Magic
 + Level 1.1 Air Magic
 + Level 1.1 Earth Magic
 + Level 1.1 Poison Magic
 + Level 1.5 Invocations
 + Level 1.3 Evocations


You had 5 spell levels left.
You didn't know any spells.
Your spell library contained the following spells:

 Spells                   Type           Power      Damage    Failure   Level
 Beastly Appendage        Tmut           10%        N/A       38%         1


Dungeon Overview and Level Annotations

Branches:
Dungeon (4/15)
 Temple: D:4-7

Altars:
Fedhas

Annotations:
D:4 Grinder


Innate Abilities, Weirdness & Mutations

You have very sharp teeth.
Your uncanny sense of smell can sniff out nearby items.
Your experience applies equally to all skills.


Message History

Unknown command.
Grinder closely misses you.
You slash Grinder!
Grinder is almost dead.
Grinder hits you.
* * * LOW HITPOINT WARNING * * *
You writhe in agony.
* * * LOW HITPOINT WARNING * * *
You completely miss Grinder. Your bite misses Grinder.
Grinder is severely wounded.
Grinder barely misses you.
You hit Grinder.
Grinder is almost dead.
Grinder hits you but does no damage. Grinder hits you.
* * * LOW HITPOINT WARNING * * *
You closely miss Grinder.
Grinder is almost dead.
Grinder says, "FISH!"
Grinder closely misses you.
You closely miss Grinder.
Grinder is almost dead.
Grinder gestures at you.
You suddenly lose the ability to move!
Grinder blinks!
You can move again.
An endoplasm comes into view.
The endoplasm quivers.
Grinder blinks!
You slash the endoplasm!
You kill the endoplasm!
Grinder blinks!
There is a stone staircase leading up, spattered with blood here.
You start resting.
Grinder is nearby!
Grinder is nearby!
Grinder gestures at you. Pain shoots through your body!
* * * LOW HITPOINT WARNING * * *
Grinder hits you.
You die...

............ ..
...........##..
..<$...........# .
.............. ..
...........# #
...##.##......#
..#
.............#..#
#..##.......[#
#..5@...<....#
#.....#..........#
.....
####<^......# ....
#...#..#.. .##
##..#### . ####


You could see Grinder.

Vanquished Creatures
  3 adders
  3 worms
  3 dart slugs
  4 orcs
  3 ball pythons
  7 endoplasms
  2 giant cockroaches (D:1)
  5 goblins
  6 hobgoblins
  2 jackals (D:1)
  3 quokkas
  9 bats
  5 frilled lizards
  4 kobolds
  6 rats
65 creatures vanquished.

Notes
Turn   | Place    | Note
-------+----------+-------------------------------------------
     0 | D:1      | lonewolfV2 the Gnoll Fighter began the quest for the Orb.
     0 | D:1      | Reached XP level 1. HP: 23/23 MP: 1/1
   156 | D:1      | Reached XP level 2. HP: 18/29 MP: 2/2
   910 | D:1      | Found a faded altar of an unknown god.
   928 | D:1      | Got Plato's Spellbook of Transformation
  1039 | D:1      | Reached XP level 3. HP: 35/35 MP: 3/3
  1364 | D:2      | Reached skill level 1 in Invocations
  1410 | D:2      | Reached skill level 1 in Short Blades
  1410 | D:2      | Reached skill level 1 in Long Blades
  1410 | D:2      | Reached skill level 1 in Maces & Flails
  1410 | D:2      | Reached skill level 1 in Polearms
  1410 | D:2      | Reached skill level 1 in Staves
  1410 | D:2      | Reached skill level 1 in Ranged Weapons
  1410 | D:2      | Reached skill level 1 in Throwing
  1410 | D:2      | Reached skill level 1 in Dodging
  1410 | D:2      | Reached skill level 1 in Stealth
  1410 | D:2      | Reached skill level 1 in Unarmed Combat
  1410 | D:2      | Reached skill level 1 in Spellcasting
  1410 | D:2      | Reached skill level 1 in Evocations
  1415 | D:2      | Reached XP level 4. HP: 32/41 MP: 5/5
  1523 | D:2      | Found a blossoming altar of Fedhas.
  2077 | D:2      | Reached skill level 1 in Conjurations
  2077 | D:2      | Reached skill level 1 in Hexes
  2077 | D:2      | Reached skill level 1 in Summonings
  2077 | D:2      | Reached skill level 1 in Necromancy
  2077 | D:2      | Reached skill level 1 in Translocations
  2077 | D:2      | Reached skill level 1 in Transmutations
  2077 | D:2      | Reached skill level 1 in Fire Magic
  2077 | D:2      | Reached skill level 1 in Ice Magic
  2077 | D:2      | Reached skill level 1 in Air Magic
  2077 | D:2      | Reached skill level 1 in Earth Magic
  2077 | D:2      | Reached skill level 1 in Poison Magic
  2304 | D:3      | Identified the ring of Ferch {rN+ Int+6 Dex+7 Stlth-}
  2606 | D:3      | Found a blossoming altar of Fedhas.
  2700 | D:3      | Noticed Grinder
  2714 | D:4      | Paralysed by Grinder for 4 turns
  2725 | D:4      | Paralysed by Grinder for 2 turns
  2738 | D:4      | Slain by Grinder

Illustrated notes

Levels and vault maps discovered:
D:1:      ncdulo_wetmaze, layout_basic, shapermc_ecumenical_altar_rom_forum,
          minmay_tromino_v4_c
D:2:      layout_basic, basic_altar
D:3:      minmay_general_purpose_star, layout_basic, fedhas_altar_1,
          cheibrodos_sewer_entry_bend, uniq_grinder
D:4:      layout_cave_pools

Skill      XL: |  1  2  3  4 |
---------------+-------------+-----
Invocations    | 1 |  1.5
Short Blades   | 1 |  1.3
Long Blades    | 1 |  1.3
Maces & Flails | 1 |  1.3
Polearms       | 1 |  1.3
Staves         | 1 |  1.3
Ranged Weapons | 1 |  1.3
Throwing       | 1 |  1.3
Dodging        | 1 |  1.3
Stealth        | 1 |  1.3
Unarmed Combat | 1 |  1.3
Spellcasting   | 1 |  1.3
Evocations     | 1 |  1.3
Conjurations   | 1 |  1.1
Hexes          | 1 |  1.1
Summonings     | 1 |  1.1
Necromancy     | 1 |  1.1
Translocations | 1 |  1.1
Transmutations | 1 |  1.1
Fire Magic     | 1 |  1.1
Ice Magic      | 1 |  1.1
Air Magic      | 1 |  1.1
Earth Magic    | 1 |  1.1
Poison Magic   | 1 |  1.1
Fighting       | |  6.6
Axes           | |  4.7
Armour         | |  6.6
Shields        | |  6.6

Action                   |  1- 3 |  4- 6 || total
-------------------------+-------+-------++-------
Melee: War axe           |    89 |    93 ||   182
       Bite              |     7 |     7 ||    14
  Use: Scroll            |     3 |     5 ||     8
Armor: Scale mail        |    49 |    47 ||    96
Dodge: Dodged            |    55 |    42 ||    97
Block: Buckler           |    42 |    36 ||    78
